 Dungeon Crawl Stone Soup version 0.21.1-1-g345015f (webtiles) character file.

29792 HerrDoktor the Severer (level 13, -2/117 HPs)
             Began as a Hill Orc Fighter on June 26, 2018.
             Was an Elder of Yredelemnul.
             Slain by a freezing wraith (12 damage)
             ... led by a death knight
             ... on level 14 of the Dungeon.
             The game lasted 02:05:37 (19688 turns).

HerrDoktor the Severer (Hill Orc Fighter)          Turns: 19688, Time: 02:05:38

Health: -2/117     AC: 12    Str: 24    XL:     13   Next: 47%
Magic:  18/18      EV: 11    Int:  8    God:    Yredelemnul [****..]
Gold:   1199       SH: 19    Dex: 15    Spells: 12/12 levels left

rFire    . . .     SeeInvis .   p - +7 war axe (vamp)
rCold    . . .     Gourm    .   c - +2 shield
rNeg     . . .     Faith    .   n - +0 scale mail {MR+}
rPois    .         Spirit   .   (no helmet)
rElec    .         Reflect  +   y - scarf {cloud immunity}
rCorr    .         Harm     .   H - +0 pair of gloves
MR       +....                  D - +1 pair of boots
Stlth    ..........             t - +4 amulet of reflection
HPRegen  0.29/turn              s - +2 ring of dexterity
MPRegen  0.16/turn              N - +3 ring of strength

@: hasted, very quick
A: no striking features
a: Recall Undead Slaves, Injury Mirror, Animate Dead, Drain Life, Renounce
Religion


You were on level 14 of the Dungeon.
You worshipped Yredelemnul.
Yredelemnul was greatly pleased with you.
You were not hungry.

You visited 5 branches of the dungeon, and saw 20 of its levels.
You also visited: Ossuary.

You collected 1199 gold pieces.

Inventory:

Hand Weapons
 a - a +2 war axe
 b - a +0 hunting sling
 p - a +7 vampiric war axe (weapon)
 M - the +3 morningstar "Beetleslayer" {crush, rF+ rC+, unknown}
   (You found it on level 1 of the Lair of Beasts)

   It inflicts extra damage upon your enemies.
   It protects you from fire.
   It protects you from cold.
 P - a +0 war axe of distortion
Missiles
 i - 426 stones (quivered)
 q - 2 throwing nets
Armour
 c - a +2 shield (worn)
 n - a +0 scale mail of magic resistance (worn)
 x - a +0 scale mail
 y - a scarf of cloud immunity (worn)
 C - a +2 ring mail of cold resistance
 D - a +1 pair of boots (worn)
 H - a +0 pair of gloves (worn)
 L - a +2 hat
Jewellery
 d - an uncursed amulet of magic regeneration
 j - a cursed ring of fire {unknown}
 s - a +2 ring of dexterity (left hand)
 t - a +4 amulet of reflection (around neck)
 N - a +3 ring of strength (right hand)
Wands
 k - a wand of random effects (26)
 l - a wand of polymorph (1)
 E - a wand of digging (27)
 F - a wand of acid (1)
 G - a wand of flame (118)
 O - a wand of clouds (5)
 Q - a wand of scattershot (9)
Scrolls
 g - 3 scrolls of amnesia
 m - 9 scrolls of teleportation
 r - 2 scrolls of fear
 w - 3 scrolls of remove curse
 R - 2 scrolls of identify
 V - a scroll of blinking
Potions
 e - 2 potions of heal wounds {unknown}
 h - a potion of haste
 v - 3 potions of flight {unknown}
 A - 3 potions of brilliance
 B - a potion of agility {unknown}
 J - a potion of mutation {unknown}
 K - 5 potions of degeneration
 S - a potion of ambrosia
Books
 o - a book of Air

   Spells                             Type                      Level
   a - Shock                          Conjuration/Air              1
   b - Swiftness                      Charms/Air                   2
   c - Static Discharge               Conjuration/Air              3
   d - Airstrike                      Air                          4
   e - Lightning Bolt                 Conjuration/Air              5
 u - a book of Cantrips

   Spells                             Type                      Level
   a - Confusing Touch                Hexes                        1
   b - Animate Skeleton               Necromancy                   1
   c - Summon Small Mammal            Summoning                    1
   d - Apportation                    Translocation                1
 z - a book of Debilitation

   Spells                             Type                      Level
   a - Corona                         Hexes                        1
   b - Slow                           Hexes                        2
   c - Inner Flame                    Hexes/Fire                   3
   d - Portal Projectile              Hexes/Translocation          3
   e - Cause Fear                     Hexes                        4
   f - Leda's Liquefaction            Hexes/Earth                  4
 I - a book of Callings

   Spells                             Type                      Level
   a - Summon Small Mammal            Summoning                    1
   b - Call Imp                       Summoning                    2
   c - Call Canine Familiar           Summoning                    3
   d - Summon Guardian Golem          Hexes/Summoning              3
   e - Summon Lightning Spire         Summoning/Air                4
   f - Summon Ice Beast               Ice/Summoning                4
 T - a book of Frost

   Spells                             Type                      Level
   a - Freeze                         Ice                          1
   b - Throw Frost                    Conjuration/Ice              2
   c - Ozocubu's Armour               Charms/Ice                   3
   d - Throw Icicle                   Conjuration/Ice              4
   e - Summon Ice Beast               Ice/Summoning                4
Comestibles
 f - 24 rations


   Skills:
 * Level 11.8 Fighting
 + Level 15.9 Axes
 * Level 10.5 Armour
 - Level 2.9 Dodging
 - Level 0.1 Stealth
 * Level 12.7 Shields
 + Level 0.5 Unarmed Combat
 + Level 7.0 Invocations
 + Level 0.5 Evocations


You had 12 spell levels left.
You didn't know any spells.

Dungeon Overview and Level Annotations

Branches:
Dungeon (15/15)            Temple (1/1) D:4            Lair (2/6) D:10
 Shoals (1/4) Lair:2       Spider (0/4) Lair:2          Orc (1/2) D:12
 Vaults: D:13-14     Depths: D:15

Altars:
Ashenzari
Cheibriados
Dithmenos
Elyvilon
Fedhas
Gozag
Hepliaklqana
Kikubaaqudgha
Makhleb
Nemelex Xobeh
Okawaru
Qazlal
Ru
Sif Muna
Trog
Uskayaw
Vehumet
Wu Jian
Xom
Yredelemnul
Zin
The Shining One

Shops:
D:6 (   D:11 [

Annotations:
Lair:1 exclusion: 2 oklob plants


Message History

There is a stone staircase leading down here.
You can't go up here!
You climb downwards.
A death knight, a wraith and 2 freezing wraiths come into view.
The death knight shouts!
Found a stone staircase leading up.
There is a stone staircase leading up here.
You climb upwards.
There is a stone staircase leading down here.
Press: ? - help, v - describe, . - travel The floor.
The gargoyle hurls a stone arrow at you.
The stone arrow reflects off an invisible shield around you!
The stone arrow hits the gargoyle.
There is a stone staircase leading down here.
The freezing wraith hits you!
* * * LOW HITPOINT WARNING * * *
The freezing wraith freezes you!
You die...
Your body rises from the dead as a mindless zombie.

....# #..##.....##### ....#
#.............### ....###
##...............###
......####..................#.
....#...(..##.................
....##..####..................
....##(## #...................
....#..# #......9............
...##.## ##....>@...<.........
...#..# #.....W..............
..##.(# #....................
..##.## ##....................
...((.###.....................
...(....#..#########..........
#..........# #..<.......
##.........# #..........
####.......# #..........


You could see a freezing wraith and a gargoyle.

Vanquished Creatures
  An orc warlord (Orc:1)
  5 two-headed ogres
  A centaur warrior (D:13)
  The ghost of Thomus the Cleaver, a novice MiBe of Trog (D:8)
  2 skeletal warriors (D:12)
  Pikel (D:9)
  A deep elf mage (D:13)
  An orc sorcerer (Orc:1)
  4 cyclopes
  3 spiny frogs (Lair:2)
  Psyche (D:11)
  3 gargoyles
  A rime drake (Lair:2)
  A komodo dragon (Lair:2)
  2 ice devils (Orc:1)
  A troll (D:13)
  6 hippogriffs
  A shadow (D:14)
  The ghost of teukkam the Ruffian, an amateur TrMo (D:6)
  A redback (Lair:2)
  A wraith (D:11)
  A wyvern (Lair:2)
  8 yaks
  A hungry ghost (D:13)
  A warg (Orc:1)
  A water moccasin (D:10)
  4 porcupines
  11 orc warriors
  A sky beast (D:8)
  A slave (D:9)
  2 ice beasts
  An eye of draining (D:11)
  2 ogres
  3 phantoms
  6 centaurs
  2 necrophages (D:11)
  2 crocodiles (Lair:2)
  An elf zombie (D:5)
  A big kobold (D:13)
  13 bullfrogs
  A water moccasin zombie (D:6)
  A gnoll sergeant (D:10)
  2 elf skeletons (D:5)
  2 scorpions
  14 killer bees
  12 wights
  An electric eel (Lair:2)
  11 crimson imps
  4 centaur zombies
  A quasit (D:11)
  3 hounds
  3 bullfrog skeletons
  5 centaur skeletons
  7 orc priests
  A gnoll shaman (D:4)
  A human skeleton (D:5)
  A jelly (D:6)
  4 iguanas
  Terence (D:2)
  15 orc wizards
  8 worker ants
  An ogre zombie (D:12)
  A mummy (D:5)
  2 hound zombies
  A hound skeleton (D:5)
  A worker ant zombie (D:5)
  17 adders
  15 gnolls
  6 shadow imps
  An ooze (D:5)
  2 adder zombies
  6 worms
  2 adder skeletons (D:4)
  2 dart slugs (D:2)
  6 leopard geckos
  62 orcs
  3 giant cockroaches
  5 goblins
  9 hobgoblins
  10 jackals
  5 kobolds
  A ball python (D:5)
  15 bats
  2 frilled lizards
  A goblin zombie (D:12)
  2 orc skeletons (D:5)
  8 orc zombies (D:12)
  A quokka skeleton (D:5)
  5 rats
  A spectral orc (D:5)
  2 fungi
  A plant (Lair:1)
395 creatures vanquished.

Vanquished Creatures (collateral kills)
  3 hydras
  A two-headed ogre (D:10)
  A skeletal warrior (D:13)
  A manticore (D:12)
  A black mamba (Lair:2)
  2 komodo dragons
  A snapping turtle (Lair:2)
  2 hippogriffs
  6 yaks
  A wraith (D:11)
  2 hungry ghosts
  3 water moccasins
  4 orc warriors
  An ogre (D:12)
  A phantom (D:12)
  A centaur (D:12)
  3 bullfrogs
  5 killer bees
  2 troll zombies (D:12)
  A jelly (D:12)
  2 orc priests
  2 orc wizards
  2 iguanas
  A worker ant (D:10)
  5 ogre zombies (D:12)
  5 orcs
  A goblin skeleton (D:12)
  A hobgoblin skeleton (D:12)
  2 hobgoblin zombies (D:12)
  An orc skeleton (D:12)
  11 orc zombies (D:12)
  4 plants
79 creatures vanquished.

Vanquished Creatures (others)
  Urug (Orc:1)
  2 centaur zombies (D:11)
  5 flying skulls
  A two-headed ogre zombie (D:8)
  A spiny frog zombie (Lair:2)
  An elf zombie (D:13)
  2 slaves (D:9)
  A rime drake zombie (Lair:2)
  A hippogriff zombie (D:11)
  A water moccasin zombie (Lair:2)
  6 yak zombies
  4 bullfrog zombies
  A porcupine zombie (Lair:1)
  A killer bee zombie (D:10)
  A crocodile zombie (Lair:2)
  2 mummies
  13 orc zombies
  4 orc skeletons (Orc:1)
  2 orcs
  A goblin (D:13)
  A goblin zombie (D:13)
  2 jackal zombies (D:9)
  A leopard gecko zombie (D:8)
  A fungus (Lair:2)
  A plant (Lair:2)
57 creatures vanquished.

Grand Total: 531 creatures vanquished

Notes
Turn   | Place    | Note
-------+----------+-------------------------------------------
     0 | D:1      | HerrDoktor the Hill Orc Fighter began the quest for the Orb.
     0 | D:1      | Reached XP level 1. HP: 19/19 MP: 1/1
   233 | D:1      | Reached XP level 2. HP: 26/27 MP: 2/2
   396 | D:1      | Reached skill level 3 in Axes
   755 | D:2      | Noticed Terence
   959 | D:2      | Reached XP level 3. HP: 29/33 MP: 3/3
   999 | D:2      | Found a snail-covered altar of Cheibriados.
  1651 | D:2      | Reached XP level 4. HP: 40/40 MP: 4/4
  1663 | D:2      | Reached skill level 4 in Axes
  2493 | D:3      | Found a shattered altar of Ashenzari.
  2510 | D:3      | Reached XP level 5. HP: 46/46 MP: 5/5
  2884 | D:2      | Found a faded altar of an unknown god.
  2983 | D:2      | Killed Terence
  3278 | D:4      | Reached skill level 5 in Axes
  3352 | D:4      | Found a staircase to the Ecumenical Temple.
  3360 | D:4      | Reached skill level 1 in Dodging
  3360 | D:4      | Reached XP level 6. HP: 52/53 MP: 6/6
  3374 | Temple   | Entered the Ecumenical Temple
  3727 | D:4      | Reached skill level 6 in Axes
  3848 | D:4      | Reached XP level 7. HP: 60/60 MP: 7/7
  4032 | D:4      | Found an opulent altar of Gozag.
  4115 | D:5      | Entered Level 5 of the Dungeon
  4279 | D:5      | Reached skill level 5 in Fighting
  4279 | D:5      | Reached skill level 7 in Axes
  4390 | D:5      | Reached skill level 5 in Armour
  4406 | D:5      | Reached skill level 5 in Shields
  4464 | D:5      | Found a sand-covered staircase.
  4472 | D:5      | Reached skill level 8 in Axes
  4472 | D:5      | Reached XP level 8. HP: 38/69 MP: 8/8
  4476 | Ossuary  | Entered an ossuary
  5058 | D:5      | Found a basalt altar of Yredelemnul.
  5068 | D:5      | Became a worshipper of Yredelemnul the Dark
  5381 | D:6      | Noticed teukkam's ghost (amateur TrMo)
  5805 | D:6      | Reached skill level 9 in Axes
  5881 | D:6      | Found Otach's Weapon Emporium.
  6123 | D:6      | Killed teukkam's ghost
  6269 | D:6      | Found a white marble altar of Elyvilon.
  6285 | D:6      | Reached skill level 10 in Axes
  6459 | D:7      | Reached XP level 9. HP: 75/75 MP: 9/9
  6502 | D:7      | Reached * piety under Yredelemnul
  6926 | D:7      | You fall through a shaft for 3 floors!
  6926 | D:10     | Entered Level 10 of the Dungeon
  6962 | D:9      | Noticed Pikel
  6981 | D:9      | Noticed a two-headed ogre
  7001 | D:8      | Reached skill level 11 in Axes
  7020 | D:8      | Found a stormy altar of Qazlal.
  7028 | D:8      | Noticed Thomus's ghost (novice MiBe)
  7231 | D:7      | Found a glowing golden altar of the Shining One.
  7231 | D:7      | Found a burning altar of Makhleb.
  7649 | D:8      | Noticed a two-headed ogre
  7942 | D:8      | Reached ** piety under Yredelemnul
  8007 | D:9      | Noticed a two-headed ogre
  8029 | D:9      | Killed a two-headed ogre
  8029 | D:9      | Reached skill level 12 in Axes
  8029 | D:9      | Reached XP level 10. HP: 32/86 MP: 7/10
  8313 | D:9      | Found a hide-covered altar of Uskayaw.
  8356 | D:9      | Reached skill level 1 in Invocations
  8490 | D:9      | Killed Pikel
  8507 | D:9      | Killed a two-headed ogre
  9084 | D:10     | Found a staircase to the Lair.
  9136 | D:10     | Reached skill level 13 in Axes
  9166 | D:10     | Reached *** piety under Yredelemnul
 10011 | D:10     | Noticed a two-headed ogre
 10037 | D:10     | Killed a two-headed ogre
 10398 | Lair:1   | Entered Level 1 of the Lair of Beasts
 10532 | Lair:1   | Reached XP level 11. HP: 95/95 MP: 13/13
 10540 | Lair:1   | Noticed a seven-headed hydra
 10566 | Lair:1   | Killed an 11-headed hydra
 10977 | Lair:1   | Got a translucent morningstar
 11592 | Lair:1   | Noticed an oklob plant
 11592 | Lair:1   | Noticed an oklob plant
 11858 | Lair:2   | Found a labyrinth entrance.
 11996 | Lair:2   | Reached skill level 5 in Invocations
 12004 | Lair:2   | Reached skill level 14 in Axes
 12161 | Lair:2   | Found a staircase to the Shoals.
 12173 | Lair:2   | Reached skill level 10 in Shields
 12228 | Lair:2   | Reached **** piety under Yredelemnul
 12584 | Lair:2   | Found a hole to the Spider Nest.
 12718 | Lair:2   | Received a gift from Yredelemnul (a mummy)
 13050 | Lair:2   | Noticed an eight-headed hydra
 13064 | Lair:2   | Killed an eight-headed hydra
 13200 | Shoals:1 | Entered Level 1 of the Shoals
 13398 | D:8      | Killed a two-headed ogre
 13465 | D:8      | Killed Thomus's ghost
 13465 | D:8      | Reached XP level 12. HP: 85/106 MP: 14/16
 13642 | D:8      | Received a gift from Yredelemnul (a mummy)
 14095 | D:11     | Received a gift from Yredelemnul (a mummy)
 14118 | D:11     | Found Kubithoy's Antique Armour Boutique.
 14134 | D:11     | Reached skill level 10 in Fighting
 14184 | D:11     | Noticed Psyche
 14194 | D:11     | Killed Psyche
 15116 | D:12     | Noticed a seven-headed hydra
 15177 | D:12     | Noticed a two-headed ogre
 15183 | D:11     | Killed a two-headed ogre
 15183 | D:11     | Received a gift from Yredelemnul (a mummy)
 15250 | D:12     | Received a gift from Yredelemnul (5 flying skulls)
 15266 | D:12     | Reached skill level 15 in Axes
 15267 | D:12     | Found a staircase to the Orcish Mines.
 15333 | Orc:1    | Entered Level 1 of the Orcish Mines
 15336 | Orc:1    | Noticed Urug
 15345 | Orc:1    | Killed Urug
 15654 | D:12     | Noticed a two-headed ogre
 15663 | D:12     | Killed a two-headed ogre
 15671 | D:12     | Killed an 11-headed hydra
 15729 | D:12     | Reached ***** piety under Yredelemnul
 15915 | D:12     | Reached skill level 10 in Armour
 16064 | Orc:1    | Reached XP level 13. HP: 116/116 MP: 17/17
 16354 | Orc:1    | Noticed an orc warlord
 16785 | Orc:1    | Killed an orc warlord
 19683 | D:15     | Entered Level 15 of the Dungeon
 19688 | D:14     | Slain by a freezing wraith

Skill      XL: |  1  2  3  4  5  6  7  8  9 10 11 12 13 |
---------------+----------------------------------------+-----
Axes           | 3 4 5 6 8 10 12 13 14 15 | 15.9
Fighting       | 4 5 6 7 8 9 11 | 11.8
Shields        | 4 5 7 8 10 12 | 12.7
Armour         | 4 5 6 7 9 10 | 10.5
Dodging        | 1 2 |  2.9
Invocations    | 3 5 6 7 |  7.0
Stealth        | |  0.1
Unarmed Combat | |  0.5
Evocations     | |  0.5

Action                   |  1- 3 |  4- 6 |  7- 9 | 10-12 | 13-15 || total
-------------------------+-------+-------+-------+-------+-------++-------
Melee: War axe           |   100 |   177 |   417 |   565 |   214 ||  1473
       Unarmed           |     1 |     5 |       |       |       ||     6
Throw: Stone             |    29 |       |    27 |    22 |       ||    78
Invok: Animate Remains   |       |       |     2 |    11 |       ||    13
       Animate Dead      |       |       |       |    37 |     9 ||    46
       Recall Undead Sla |       |       |       |     1 |       ||     1
       Drain Life        |       |       |       |     1 |       ||     1
       Injury Mirror     |       |       |       |     1 |     2 ||     3
Evoke: Wand              |       |       |       |     4 |     6 ||    10
  Use: Scroll            |     3 |    11 |     6 |    12 |       ||    32
       Potion            |       |     2 |     8 |     3 |     3 ||    16
 Stab: Distracted        |       |       |     1 |     6 |     2 ||     9
  Eat: Chunk             |     2 |     4 |    10 |    21 |     5 ||    42
       Ration            |       |     1 |     1 |     6 |     3 ||    11
Armor: Scale mail        |    52 |    63 |    95 |   125 |    52 ||   387
       Skin              |     2 |       |       |       |       ||     2
Dodge: Dodged            |    40 |    50 |    74 |   124 |    32 ||   320
Block: Shield            |    68 |    89 |   248 |   457 |   129 ||   991
       Reflection        |       |       |     1 |    10 |    18 ||    29
